[Event "European Women-ch 2023"]
[Site "Petrovac"]
[Date "2023.03.23"]
[Round "6.6"]
[White "Gunina, Valentina"]
[Black "Gaponenko, Inna"]
[Result "1/2-1/2"]
[ECO "C13"]
[WhiteElo "2478"]
[BlackElo "2349"]
[Annotator "TA"]
[PlyCount "82"]
[EventDate "2023.03.15"]
[EventType "swiss"]
[EventCountry "MNE"]
[SourceTitle "playchess.com"]
[Source "ChessBase"]
[SourceQuality "1"]
[TimeControl "40/5400+30:1800+30"]

1. e4 e6 2. d4 d5 3. Nc3 Nf6 4. Bg5 dxe4 5. Nxe4 Be7 6. Nxf6+ Bxf6 7. Bxf6 Qxf6 8. c3 O-O 9. Bd3 Nd7 10. Nf3 c5 11. O-O Rd8 12. Qc2 {[%emt 0:03:04] C13: French: Classical System: 4 Bg5 Be7, Alekhine-Chatard Attack.} g6 {[%emt 0:00:51] [#] The position is equal.} 13. Rae1 $146 ({Predecessor:} 13. Be4 Qf4 14. g3 Qc7 15. Rfd1 Nf6 16. Bd3 cxd4 17. Nxd4 e5 18. Nb5 Qc5 19. b4 Qc6 20. Bf1 Bf5 21. Qb3 Ne4 22. Qb2 Ng5 23. Rxd8+ Rxd8 24. Nxa7 Qf3 25. Bg2 Nh3+ 26. Kf1 Rd1+ {0-1 Said,O (1924)-Studer,N (2484) Olympiad-43 Batumi 2018 (1.40)}) 13... cxd4 14. Nxd4 Nc5 {[%emt 0:10:30] [#] Strongly threatening ...e5.} 15. f4 Nxd3 ({Don't do} 15... Rxd4 16. cxd4 Qxd4+ 17. Kh1 $16) 16. Qxd3 b6 17. Qg3 Ba6 18. Rf2 {[%emt 0:00:06][%cal Bf1f2,Bf2e2,Be2e5][%mdl 32] Threatens to win with f5.} Rd5 19. h3 Bb7 20. Kh2 Rad8 21. Re5 Kg7 22. h4 h6 23. Rfe2 {[%emt 0:02:06][%cal Rd4e6] [#] Black must now prevent Nxe6+!} R8d7 24. Kg1 Kh7 25. a3 Kg7 26. h5 Rxe5 27. Rxe5 Rd5 (27... Kh7 {simplifies} 28. hxg6+ Qxg6 29. Qxg6+ Kxg6 30. Re3 h5) 28. b4 (28. hxg6 {simplifies} Qxg6 29. Qxg6+ Kxg6 30. Rxd5 Bxd5 31. b3) 28... a6 29. hxg6 Qxg6 30. Re3 Qxg3 31. Rxg3+ $11 {[%emt 0:00:01][%mdl 4096] Endgame KRB-KRN} Kf8 32. Kf2 e5 33. fxe5 Rxe5 34. Rd3 Ke7 35. g4 h5 36. Nf5+ Kf6 37. Nd6 Bd5 38. gxh5 Rxh5 39. c4 Be6 40. c5 bxc5 41. Ne4+ Ke7 {[%emt 0:04:09] An interesting draw.   Weighted Error Value: White=0.02 (flawless) /Black=0.02 (flawless)} 1/2-1/2

[Event "European Women-ch 2023"]
[Site "Petrovac"]
[Date "2023.03.23"]
[Round "6.6"]
[White "Mamedjarova, Turkan"]
[Black "Bivol, Alina"]
[Result "0-1"]
[ECO "E57"]
[WhiteElo "2229"]
[BlackElo "2365"]
[Annotator "TA"]
[PlyCount "102"]
[EventDate "2023.03.15"]
[EventType "swiss"]
[EventCountry "MNE"]
[SourceTitle "playchess.com"]
[Source "ChessBase"]
[SourceQuality "1"]
[TimeControl "40/5400+30:1800+30"]

1. d4 d5 2. c4 e6 3. Nc3 Nf6 4. Bg5 Be7 5. e3 h6 6. Bh4 dxc4 7. Bxc4 O-O 8. Nf3 c5 9. O-O cxd4 10. exd4 Nc6 11. a3 Nh5 12. Bxe7 Nxe7 13. Ne5 Nf6 {[%emt 0:00:31] The position is equal.} 14. Rc1 b6 15. Qf3 Rb8 16. Rfe1 a6 17. Ne4 Nxe4 18. Qxe4 (18. Rxe4 b5 19. Bb3 Bb7 $17) 18... Qd6 (18... Bb7 $5 19. Qe2 (19. Nxf7 $2 Rxf7 20. Qxe6 Bd5 $19) 19... Rc8 $14) 19. Bd3 f5 $1 20. Qh4 b5 21. Qh5 Bb7 22. Bb1 Qd5 23. Nf3 Rbc8 {[%emt 0:01:44] Threatening ...Rxc1.} (23... Qb3 $5 ) 24. Rcd1 (24. Qh4 $11 Rxc1 25. Rxc1) 24... Rf6 $15 25. Re5 $2 (25. Re3 $1 $15) 25... Qb3 $19 26. Rde1 (26. Ne1 {was called for.}) 26... Bd5 (26... Qxb2 $142 {Threatens to win with ...Ng6.} 27. Bd3 Qxa3) 27. R5e2 Ng6 {[%emt 0:00:33] Hoping for ...Nf4.} 28. Nd2 Qa4 (28... Qxb2 29. Ne4 Qxd4 30. Rd2 $15) 29. g3 {[%emt 0:00:03] Prevents Nf4.} Qxd4 30. Nf3 Qa7 31. Ne5 (31. Rd1 {keeps fighting.}) 31... Nxe5 32. Rxe5 Qb7 (32... f4 $19 33. g4 Qd4) 33. Qe2 $17 Kh8 {[%emt 0:03:29] Black is more active.} 34. b4 Bf3 ({Black should play} 34... Rc3 35. Re3 Rxe3 36. fxe3 Qb6) 35. Qd2 Bh1 36. f4 h5 (36... Qa8 $17) 37. Ba2 $15 Be4 38. Qd4 Qe7 39. Qb6 {[%emt 0:02:14] [#]} ({Don't play} 39. R1xe4 Rd8 $17) ({White should try} 39. Bb3 $1 $15) 39... Rc6 $1 $19 40. Qd4 (40. Qe3 $142) 40... Rd6 ({And not} 40... Rc2 41. Bb3 Rc8 42. R1xe4 fxe4 43. Rxh5+ Kg8 44. Re5 $11 (44. Qxe4 Rc3 $15)) 41. Qc5 Qd7 42. Bb3 Rc6 (42... Rd2 $19 {( -> ...Rg2+)} 43. R1xe4 fxe4) 43. Qe3 Qc7 (43... h4 $17 {...hxg3 is the strong threat.} 44. g4 Rd6) 44. Rc5 $15 {[%emt 0:01:46] [#]} h4 $1 45. Rxc6 (45. g4 Rxc5) 45... Qxc6 46. Rc1 ({Better is} 46. g4 $1 $15) 46... Qb7 $19 47. g4 (47. Rc3 $142) 47... fxg4 48. Rc5 h3 49. Rh5+ Kg8 50. Re5 {[%emt 0:00:20] [#]} (50. Rc5) 50... Bc2 $1 51. Rd5 (51. Bd5 exd5) 51... Bxb3 {[%emt 0:00:44] Weighted Error Value: White=0.62/Black=0.22 (precise)} 0-1

[Event "European Women-ch 2023"]
[Site "Petrovac"]
[Date "2023.03.23"]
[Round "6.6"]
[White "Gaboyan, Susanna"]
[Black "Walter, Ema"]
[Result "1-0"]
[ECO "A07"]
[WhiteElo "2160"]
[BlackElo "2048"]
[Annotator "TA"]
[PlyCount "77"]
[EventDate "2023.03.15"]
[EventType "swiss"]
[EventCountry "MNE"]
[SourceTitle "playchess.com"]
[Source "ChessBase"]
[SourceQuality "1"]
[TimeControl "40/5400+30:1800+30"]

1. Nf3 Nf6 2. g3 g6 3. Bg2 Bg7 4. O-O O-O 5. d3 d5 6. Nbd2 d4 7. e4 dxe3 8. fxe3 Nd5 9. Nc4 c5 {[%emt 0:00:18] The position is equal.} 10. e4 Nc7 11. a4 Be6 12. Ne3 h6 13. c3 Nc6 {[%emt 0:01:06][%cal Bb8c6,Bc6a5,Ba5c4][%mdl 32] Prevents d4.} 14. Nc2 Na5 15. Be3 Qd7 16. Ra3 (16. Bxc5 Nb3 17. Bd4 Nxa1 18. Bxg7 Kxg7 $17) 16... Rfd8 17. Bxc5 Nc4 {[%emt 0:01:15][%mdl 64] Double Attack} 18. Rb3 Qxa4 (18... Na5 $11 19. Ra3 Qxd3 20. Qxd3 Rxd3) 19. Rb4 $16 (19. Rxb7 $2 Qc6 20. Nfd4 (20. Rxc7 $2 Qxc7 21. b4 Nb2 $19) 20... Qxb7 $19) 19... Qd7 {[%emt 0:02:41] [#]} 20. Bd4 $1 {[%emt 0:00:00] aiming for Bxg7.} (20. Rxc4 Bxc4 21. Bd4 Bb3 22. Bxg7 Kxg7 $17) (20. Rxb7 $2 Qc6 21. Nfd4 (21. Rxc7 $2 Qxc7 22. Bd4 Nxb2 $19) 21... Qxb7 $19) 20... a5 21. Rxb7 (21. Rxc4 {feels hotter.} Bxc4 22. Bxg7 Qxd3 23. Bd4) 21... Qc6 22. Rb3 ({Don't play} 22. Rxc7 Qxc7 23. dxc4 Bxc4 $11) ({White should play} 22. Bxg7 $1 $14 Qxb7 23. Bd4 Nxb2 24. Qd2) 22... a4 $2 {[%emt 0:02:47][%mdl 8192] Black is on the road to losing.} (22... Qa4 $1 $11 23. Rb7 Qc6) 23. Rb4 $18 {[%emt 0:00:16] Black must now prevent Bxg7.} Na6 24. dxc4 ({Not} 24. Rxc4 Bxc4 25. dxc4 e5 $16) 24... Bxc4 $2 {[%emt 0:02:29] [#]} (24... Nxb4 25. Nxb4 Qxc4) 25. Rxc4 $1 Qxc4 26. Qc1 f6 $2 (26... Rac8 {keeps fighting.} 27. Bxg7 Kxg7) 27. e5 Rab8 28. exf6 exf6 29. Nh4 Qb5 30. Nxg6 Rd7 {[%emt 0:02:09] Dodges Ne7+} 31. Qe3 Rf7 32. Ne7+ Kf8 33. Nf5 {[%emt 0:00:21] Nxg7 would be deadly.} Qxb2 34. Nxg7 {[%emt 0:00:34] White mates.} Qxc2 35. Qxh6 Rb2 36. Qh8+ Ke7 37. Re1+ Kd6 38. Qd8+ Rd7 39. Re6# {[%emt 0:42:46] A superb game by Gaboyan.   Weighted Error Value: White=0.14 (very precise) /Black=0.66} 1-0

[Event "European Women-ch 2023"]
[Site "Petrovac"]
[Date "2023.03.23"]
[Round "6.7"]
[White "Daulyte-Cornette, Deimante"]
[Black "Mammadzada, Gunay"]
[Result "1-0"]
[ECO "B50"]
[WhiteElo "2344"]
[BlackElo "2472"]
[Annotator "TA"]
[PlyCount "37"]
[EventDate "2023.03.15"]
[EventType "swiss"]
[EventCountry "MNE"]
[SourceTitle "playchess.com"]
[Source "ChessBase"]
[SourceQuality "1"]
[TimeControl "40/5400+30:1800+30"]

1. e4 c5 2. Nf3 d6 3. Bb5+ Bd7 4. Bxd7+ Nxd7 5. c3 Ngf6 6. Qe2 e6 {[%emt 0:02:17] B50: Sicilian: 2...d6, Miscellaneous.} 7. d4 $1 {[%emt 0:00:23] 7.d4 is better than 7.0-0.} Be7 8. e5 Nd5 {[%emt 0:02:39] The position is equal.} 9. c4 N5b6 10. exd6 Bxd6 {[%emt 0:00:51] [#]} 11. b4 $146 ({Predecessor:} 11. d5 e5 12. Nc3 O-O 13. Ne4 Nc8 14. g4 Bc7 15. Bg5 f6 16. Be3 Nd6 17. Nfd2 Nxe4 18. Nxe4 {1-0 Matlakov,M (2662)-Dardha,D (2612) Titled Tuesday intern op 28th Feb Late blitz 2023 (7)}) 11... cxd4 12. c5 d3 13. Qxd3 $18 Qf6 {[%emt 0:03:06] [#]} 14. Qc3 $36 {[%emt 0:10:23][%mdl 2048] White is in control.} Be7 {[%emt 0:13:23] Threatens to win with ...Nd5.} 15. cxb6 Bxb4 $2 {[%emt 0:00:25] [#]} (15... Nxb6 16. Bb2 Qxc3+ 17. Bxc3 (17. Nxc3 Bxb4 18. Ke2 f6 $16) 17... Nd5) 16. Qxb4 $1 {[%emt 0:00:27] Black must now prevent Bg5. White is clearly winning.} Qxa1 {[%emt 0:00:33] Black is weak on the dark squares} (16... Ne5 17. Qb5+) 17. bxa7 {[%emt 0:04:17][%mdl 64] Discovered Attack} Rxa7 18. O-O Qf6 19. Bg5 {[%emt 0:02:17] Weighted Error Value: White=0.05 (flawless) /Black=0.38} 1-0

[Event "European Women-ch 2023"]
[Site "Petrovac"]
[Date "2023.03.23"]
[Round "6.7"]
[White "Abdulla, Khayala"]
[Black "Tsolakidou, Stavroula"]
[Result "1/2-1/2"]
[ECO "B22"]
[WhiteElo "2221"]
[BlackElo "2358"]
[Annotator "TA"]
[PlyCount "140"]
[EventDate "2023.03.15"]
[EventType "swiss"]
[EventCountry "MNE"]
[SourceTitle "playchess.com"]
[Source "ChessBase"]
[SourceQuality "1"]
[TimeControl "40/5400+30:1800+30"]

1. e4 c5 2. c3 d5 3. exd5 Nf6 4. Bb5+ Nbd7 5. Nf3 Nxd5 6. d4 e6 7. O-O a6 8. Bd3 {[%emt 0:03:55] White has an edge.} Be7 9. Nbd2 O-O 10. Ne4 cxd4 11. cxd4 b6 12. Bd2 Bb7 13. a3 N5f6 14. Nc3 b5 15. Qe2 Nb6 (15... Rc8 {keeps more tension.} 16. Ne5 Nb6 17. Be3 Nfd5) 16. Rad1 Rc8 17. Bg5 Rc7 18. Ne5 Nbd5 (18... Nfd5 {is interesting.} 19. Bd2 Bxa3 20. Nxb5 axb5 21. bxa3 Nc3) 19. Nb1 (19. Bd2 $11) 19... Nd7 20. Bd2 Rc8 21. Rc1 N7f6 (21... Rxc1 {simplifies} 22. Rxc1 Nxe5 23. dxe5 g6) 22. Rxc8 Qxc8 23. Rc1 Qa8 24. b4 Bd8 25. Be3 Bb6 26. Nd2 Rc8 27. Nb3 Nxe3 28. Rxc8+ Qxc8 29. Qxe3 Nd5 30. Qf3 Nf6 31. Qe3 Qd8 32. Nc5 {[%emt 0:00:29] A dynamic duo of knights.} Qd5 {[%emt 0:00:19][%csl Gb7][%cal Rd5g2] [#]} 33. f3 {[%emt 0:01:10] Active counter play!} Ba8 34. Bc2 (34. Nxa6 $2 Bxd4 $19) 34... Qd6 35. Qf4 Qc7 36. Ned3 (36. Nxa6 $2 Qxc2 37. Nc5 Qd1+ 38. Kf2 h6 $19) 36... Qd8 37. Ne5 (37. Nxa6 $2 {too greedy.} e5 38. Qh4 e4 $19) 37... Qc7 38. Ned3 (38. Nxa6 $2 {is the wrong capture.} Qxc2 39. Nc5 Qb1+ 40. Kf2 Bc7 $19) 38... a5 39. Qxc7 Bxc7 40. bxa5 Bxa5 41. Nb4 Ne8 42. Be4 Bxe4 43. fxe4 $11 {[%emt 0:02:08][%mdl 4096] Endgame KBN-KNN} Nd6 44. Kf2 Bb6 45. Kf3 (45. Ke2 $11) 45... Nc4 $15 46. Nc2 e5 47. Nb3 {[%emt 0:01:18] [#]} exd4 $1 48. Ke2 Kf8 49. Kd3 Ne5+ 50. Kd2 d3 51. Ne1 Nc4+ 52. Kxd3 Nxa3 53. Kc3 Bc7 54. Nf3 Nc4 (54... f6 $15) 55. Kb4 $11 Nd6 56. e5 (56. Nc5 $11) 56... Nc4 $17 57. Kxb5 (57. e6 $142) 57... Nxe5 58. Nxe5 Bxe5 {[%emt 0:00:05] KB-KN} 59. h3 Ke7 60. Kc4 Kf6 61. Kd3 Kg5 62. Ke4 {[%emt 0:00:16] Black is better.} Bc3 63. Kf3 Kh4 64. Nc5 f5 65. Nd3 g5 66. Nf2 Bd4 67. g3+ Kh5 68. g4+ Kg6 69. gxf5+ Kxf5 {[%emt 0:00:04] ( -> ...Bxf2)} 70. Ne4 h5 {[%emt 0:00:31] Weighted Error Value: White=0.11 (very precise) /Black=0.09 (flawless)} 1/2-1/2

[Event "European Women-ch 2023"]
[Site "Petrovac"]
[Date "2023.03.23"]
[Round "6.7"]
[White "Ivekovic, Tihana"]
[Black "Pirvulescu, Ekaterina"]
[Result "1/2-1/2"]
[ECO "D27"]
[WhiteElo "2132"]
[BlackElo "2032"]
[Annotator "TA"]
[PlyCount "89"]
[EventDate "2023.03.15"]
[EventType "swiss"]
[EventCountry "MNE"]
[SourceTitle "playchess.com"]
[Source "ChessBase"]
[SourceQuality "1"]
[TimeControl "40/5400+30:1800+30"]

1. d4 d5 2. c4 dxc4 3. Nf3 Nf6 4. e3 e6 5. Bxc4 a6 6. O-O c5 7. Be2 {[%emt 0:00:29] D27: Queen's Gambit Accepted: Classical main line: 7 e4!? and 7 a4.} cxd4 8. Nxd4 Be7 9. b3 {[%emt 0:00:28] White is slightly better.} O-O 10. Bb2 b5 $1 {[%emt 0:07:42][%mdl 4] is currently scoring better than 10...Bd7.} 11. Nd2 Bb7 12. Bf3 Ra7 13. Qe2 Qd7 14. Rac1 {[%emt 0:03:12] [#]} e5 $146 (14... Bxf3 $11 15. N2xf3 (15. Qxf3 e5 $11) (15. N4xf3 Rd8 $11) 15... Rc7) ({Predecessor:} 14... Bxf3 15. N2xf3 Rc8 16. Ne5 Qe8 17. a4 bxa4 18. bxa4 Rac7 19. Rxc7 Rxc7 20. Ra1 Qc8 {1-0 Caruana,F (2786)-So,W (2776) Warsaw Superbet Classic Blitz 2022 (17.5)}) 15. Bxb7 $1 $16 {[%emt 0:00:22] aiming for Bc6.} exd4 16. Bf3 {[%emt 0:02:09] White is more active.} d3 17. Qd1 Rc7 18. Rxc7 Qxc7 19. Qb1 Rd8 20. Rc1 Qa5 21. Rd1 Nbd7 {[%emt 0:04:56] [#]} 22. Bd4 (22. Nf1 $1 $16) 22... Bb4 (22... Nf8 $1 $14) 23. Ne4 ({White should play} 23. Qxd3 Nf8 24. Qc2) 23... d2 24. Qc2 Nxe4 25. Bxe4 {[%emt 0:00:04] This pair of bishops is nice.} Nf6 26. Bxf6 gxf6 27. Bxh7+ Kf8 28. Bf5 (28. h4 $16) 28... Rd5 $14 29. Qc8+ (29. Bg4 $14) 29... Kg7 $1 $11 {[%emt 0:00:34] ...Rc5 is the strong threat.} 30. Be4 Rc5 31. Qg4+ Kf8 (31... Rg5 $11 32. Qh4 Qxa2 33. Qh7+ Kf8 34. Qh8+ Rg8) 32. h4 (32. Bf3 $1 $14) 32... Qxa2 {[%emt 0:00:41] White must now prevent ...f5.} 33. h5 (33. Qf4 $11) 33... Qxb3 $17 ({Much worse is} 33... f5 $6 34. Qg5 (34. Bxf5 $2 {loses.} Qxb3 35. Kh2 Rxf5 $19) 34... Qxb3 35. Bf3 $11) 34. Bf3 {[%emt 0:00:19] [#] h6 would be deadly. White is weak on the dark squares} Rg5 {[%emt 0:02:12] Prevents h6} ({Black should try} 34... Qc4 $1 $17 {[%cal Rc4g4] Hoping for ...Qxg4.} 35. Qg3 Rg5 36. Qb8+ Kg7) 35. Qc8+ $11 Kg7 36. Qxa6 Qe6 37. Qa1 Qe5 38. Qa2 Qe6 39. Qb2 Qc4 40. h6+ {[%emt 0:00:00][%mdl 64] Decoy} Kxh6 $2 (40... Kg6 $1 $11 {and Black is okay.}) 41. Qxf6+ $18 Rg6 42. Qf5 (42. Qh8+ $18 Kg5 43. Bh5) 42... Bc3 $11 {[%emt 0:05:17] The position is equal.} (42... Qh4 $2 43. Qxf7 Qf6 44. Qb7 $18) 43. g3 Rf6 44. Qh5+ Kg7 45. Be2 {[%emt 0:05:01] Weighted Error Value: White=0.26 (precise) /Black=0.27 (precise)} 1/2-1/2

[Event "European Women-ch 2023"]
[Site "Petrovac"]
[Date "2023.03.23"]
[Round "6.8"]
[White "Hrebenshchykova, Yelyzaveta"]
[Black "Osmak, Yuliia"]
[Result "0-1"]
[ECO "B95"]
[WhiteElo "2289"]
[BlackElo "2445"]
[Annotator "TA"]
[PlyCount "101"]
[EventDate "2023.03.15"]
[EventType "swiss"]
[EventCountry "MNE"]
[SourceTitle "playchess.com"]
[Source "ChessBase"]
[SourceQuality "1"]
[TimeControl "40/5400+30:1800+30"]

1. e4 c5 2. Nf3 d6 3. d4 cxd4 4. Nxd4 Nf6 5. Nc3 a6 6. Bg5 e6 7. Qf3 Be7 8. O-O-O Qc7 9. Be2 Nbd7 {[%emt 0:04:40] B95: Sicilian Najdorf: 6 Bg5 e6, unusual White 7th moves.} 10. Rhe1 O-O 11. g4 b5 {[%emt 0:12:47] Black is slightly better.} 12. a3 Bb7 13. h4 {[%emt 0:08:33] [#]} (13. Qe3 $11) 13... Nc5 $146 ({Predecessor:} 13... Rfe8 14. Bxf6 Bxf6 15. g5 Be5 16. h5 Bxd4 17. Rxd4 Qc5 18. Qe3 d5 19. e5 Nf8 {1-0 Tkachuk,A (2119)-Vlasov,V (2026) Zvenigorod Autumn op-B 2008 (7)}) 14. Bf1 Rac8 15. Kb1 Rfe8 16. Bd3 (16. Bxf6 $11 Bxf6 17. g5) 16... Qb6 {[%emt 0:07:11] Hoping for ...b4.} 17. Bc1 (17. Nb3 $1 $15) 17... b4 $17 18. axb4 Qxb4 19. g5 Qxd4 20. Bb5 Qb4 (20... Qe5 21. Bxe8 (21. Bf4 Qf5 $17) 21... Nxe8 22. Bf4 Nxe4 23. Bxe5 $14 (23. Nxe4 Qb5 $14)) 21. gxf6 {[%emt 0:00:36][%cal Oe1g1] Rg1! is the strong threat.} Bxf6 ({Black should play} 21... axb5 $19 22. fxe7 Rxe7) 22. Bxe8 $15 Rxe8 23. Rxd6 {[%emt 0:05:12] [#]} (23. Na2 $15 Qc4 24. Nc3) 23... Nxe4 $1 $17 24. Nxe4 Bxe4 {[%emt 0:00:06][%mdl 64] Remove Defender} (24... Qxe1 $2 25. Nxf6+ gxf6 26. Qxb7 $18) (24... Bxb2 25. Bd2 Bc3+ 26. Kc1 Bb2+ 27. Kd1 Bxe4 28. Qxf7+ (28. Bxb4 Bxf3+ 29. Kd2 Bf6 $11) 28... Kxf7 29. Bxb4 Bf3+ 30. Kd2 $16) 25. Qxe4 Qxd6 26. Bg5 Qd4 27. Bxf6 (27. Qxd4 $17 {was necessary.} Bxd4 28. Be3) 27... Qxf6 {[%emt 0:00:08][%mdl 4096] Endgame KQR-KQR} 28. f3 Rb8 (28... Rd8 $19 29. Re3 h5) 29. b3 {[%emt 0:02:52] [#]} (29. Qe5 $17 Qd8 30. b3) 29... Rd8 $1 $19 30. Qc4 a5 (30... Qxf3 $2 31. Rf1 Qb7 32. Rg1 $19) 31. Qc5 a4 {[%emt 0:01:16] aiming for ...axb3.} ({Weaker is} 31... Qxf3 32. Qxa5 Rc8 33. Qd2 $17) 32. bxa4 Rb8+ (32... Qxh4 $2 33. Re4 Qf6 34. Ka2 $19) (32... Qxf3 $2 {too greedy.} 33. Re3 Qf2 34. Rc3 Qxh4 35. a5 $19) 33. Kc1 Qa1+ (33... Qxf3 $2 {perishes.} 34. Qc7 Ra8 35. Kb2 $19) 34. Kd2 Qxa4 35. Re4 Rd8+ 36. Kc3 $2 (36. Ke3 Qa1 37. Kf4) 36... Qa1+ 37. Kb3 h6 (37... Ra8 $142 38. Kc4 Qa6+ 39. Kb3 h6) 38. Qc7 $2 (38. Qc3 Qa6 39. Ra4 Rb8+ 40. Ka3) 38... Ra8 39. Kc4 Qf1+ 40. Kd4 Qf2+ 41. Re3 Qxh4+ (41... Qd2+ $142 42. Rd3 Ra4+ {[%mdl 64] Skewer} 43. c4 Qf2+ 44. Re3 Ra3 45. Qb8+ Kh7 46. Qb1+ f5) 42. Kd3 Rd8+ 43. Ke2 Qg5 {[%emt 0:02:52] ( -> ...Qg2+)} 44. Rd3 Qg2+ 45. Ke3 Rxd3+ {[%emt 0:01:39][%mdl 64] Deflection} 46. Kxd3 (46. cxd3 $142 Qg5+ 47. Ke2) 46... Qxf3+ {[%emt 0:00:05] KQ-KQ} 47. Kd2 g5 48. Qd8+ Kg7 {[%emt 0:00:13] White must now prevent ...Qd5+.} 49. c4 {[%emt 0:00:05] Wards off Qd5+} Qf2+ 50. Kd3 Qf1+ 51. Kd4 {[%emt 0:00:33] Weighted Error Value: White=1.02/Black=0.48} 0-1

[Event "European Women-ch 2023"]
[Site "Petrovac"]
[Date "2023.03.23"]
[Round "6.8"]
[White "Chelushkina, Irina"]
[Black "Cyfka, Karina"]
[Result "1-0"]
[ECO "C55"]
[WhiteElo "2207"]
[BlackElo "2350"]
[Annotator "TA"]
[PlyCount "95"]
[EventDate "2023.03.15"]
[EventType "swiss"]
[EventCountry "MNE"]
[SourceTitle "playchess.com"]
[Source "ChessBase"]
[SourceQuality "1"]
[TimeControl "40/5400+30:1800+30"]

1. e4 e5 2. Nf3 Nc6 3. Bc4 Nf6 4. d3 h6 5. c3 d6 6. a4 g6 7. a5 a6 8. Qb3 {[%emt 0:01:31] White is slightly better.} Qe7 9. O-O Bg7 10. d4 (10. Rd1 $11) 10... O-O (10... Nxe4 $15 11. Re1 Ng5) 11. Re1 Nh5 12. Be3 Kh8 13. Nbd2 Nd8 14. Qa3 {[%emt 0:04:43][%cal Of3e5] Strongly threatening Nxe5!} Qe8 15. dxe5 dxe5 16. Qc5 c6 ({Black should play} 16... Nc6) 17. Qb4 $16 {[%emt 0:03:25] White is much more active. Black is weak on the dark squares} Nf6 (17... Rg8 $16 {was worth a try.} 18. Bb3 Be6 19. Bxe6 Qxe6) 18. Bf1 Bg4 19. h3 Bxf3 20. Nxf3 Rg8 21. Rad1 Bf8 22. Bc5 Bg7 (22... Kg7 {is a better defense.} 23. Bc4 Rc8 24. Bxf8+ Qxf8 25. Qxf8+ (25. Nxe5 Qxb4 26. cxb4 Re8 $16) 25... Rxf8 26. Nxe5 Rc7) 23. Bd6 Nd7 24. Qb3 Rc8 25. Bc4 Bf8 26. Qc2 Bxd6 27. Rxd6 {[%emt 0:00:06] Qd2 is the strong threat.} Kg7 28. Qd2 Nf6 29. Nh2 $40 {[%emt 0:07:44][%cal Od6f6][%mdl 128] White has strong attack.} (29. Rxf6 Kxf6 30. Qd6+ (30. Qxh6 Rh8 $16) 30... Kg7) 29... h5 30. Nf3 (30. Rxf6 $6 Kxf6 31. Qd6+ Kg7 $11) (30. f4 $142) 30... Qe7 31. Rd3 c5 {[%emt 0:02:25] [#]} (31... Re8 $16 {might work better.}) 32. Ng5 ({Less strong is} 32. Rd6 Nc6 $14) (32. Qg5 $1 $18) 32... Rf8 33. f4 ({Don't play} 33. Rd6 Nc6 $14) 33... Nc6 34. f5 {[%emt 0:00:20] And now fxg6 would win.} (34. Rf1 {simplifies} Rcd8 35. Rxd8 Qxd8 36. Qxd8 Rxd8 37. Nxf7 Re8 38. Ng5) 34... Nxa5 35. Bxf7 Rxf7 36. Ne6+ ({Better is} 36. Nxf7 $16 Kxf7 37. fxg6+ Kg7 38. Rf1) 36... Kh8 $2 (36... Kh7 $1 $11) 37. fxg6 $18 Rg7 38. Qh6+ Kg8 39. Nxg7 (39. Qxg7+ Qxg7 40. Nxg7 Kxg7 $17) 39... Qxg7 40. Qg5 Qe7 41. Rf3 Kg7 42. Rf5 Nc6 43. Ref1 Rf8 44. g4 hxg4 45. h4 {[%emt 0:01:15] Hoping for h5.} Nxe4 46. Qh5 ({Not} 46. Qxg4 Rxf5 47. Rxf5 Nf6 $18) 46... Rh8 {[%emt 0:06:24] Against Qh7+} 47. Rf7+ {[%emt 0:00:11][%mdl 64] [#] Skewer, Double Attack} Kg8 48. Rf8+ {[%emt 0:00:11] A cool game by Chelushkina.   Weighted Error Value: White=0.15 (very precise) /Black=0.47} (48. Qxg4 $142 Rxh4 49. Qc8+ Nd8 50. Rxe7 Rg4+ 51. Qxg4 Nd6 52. Qh4 N8f7 53. Qh7+ Kf8 54. Rfxf7+ Nxf7 55. Qxf7#) 1-0

[Event "European Women-ch 2023"]
[Site "Petrovac"]
[Date "2023.03.23"]
[Round "6.8"]
[White "Tsotsonava, Elene"]
[Black "Kejzar, Petra"]
[Result "1-0"]
[ECO "B30"]
[WhiteElo "2030"]
[BlackElo "2128"]
[Annotator "TA"]
[PlyCount "57"]
[EventDate "2023.03.15"]
[EventType "swiss"]
[EventCountry "MNE"]
[SourceTitle "playchess.com"]
[Source "ChessBase"]
[SourceQuality "1"]
[TimeControl "40/5400+30:1800+30"]

1. e4 c5 2. Nf3 Nc6 3. Bb5 e5 4. O-O Bd6 5. c3 a6 6. Ba4 b5 7. Bc2 Nge7 8. a4 {[%emt 0:01:47] White is slightly better.} b4 9. Re1 Qc7 10. d3 Ng6 11. Nbd2 O-O 12. Nc4 Re8 (12... Be7 $14) 13. h4 $16 Bf8 14. h5 Nge7 15. h6 {[%emt 0:08:28] aiming for hxg7.} g6 ({Better is} 15... bxc3 $1 $14 16. bxc3 d5) 16. Ng5 {[%emt 0:13:39][%cal Og5f7] [#] Nxf7! would be deadly. White is more active.} bxc3 {[%emt 0:04:52] Loses the game.} (16... d5 $16 17. Qf3 Nd8 18. exd5 Nxd5) 17. Qf3 (17. bxc3 $6 Nd8 $16) 17... Nd8 18. Bb3 $40 {[%emt 0:10:01][%cal Bc2b3,Bb3f7,Bf7e8][%mdl 160] White is out for blood.} Rb8 $2 {[%emt 0:04:12] [#]} (18... d5) 19. Nd6 $1 Qxd6 (19... Rxb3 $2 20. Nxe8 Qc6 21. Nf6+ Kh8 22. bxc3 Bxh6 23. Ngxh7 (23. Nfxh7 Kg7 $18) (23. Qh3 Qxf6 24. Qxh6 Qg7 $16) 23... Bxc1 24. Raxc1 $18) 20. Bxf7+ (20. Nxf7 Qb6 21. Nd6+ Qxb3 $17) 20... Kh8 {[%emt 0:00:36][%cal Of8h6] White must now prevent ...Bxh6!} 21. Bxe8 Bxh6 22. bxc3 (22. Qf7 $6 Bg7 $18) 22... Bb7 $2 (22... Ng8 23. Nf7+ {[%mdl 64] Discovered Attack} Nxf7) 23. Nf7+ $18 {[%emt 0:03:36] White is clearly winning.} Nxf7 24. Qxf7 ({And not} 24. Bxf7 Bxc1 25. Raxc1 (25. Rexc1 Rf8 $15) 25... Rf8 $15) 24... Ng8 25. Qxd7 Qf8 (25... Qxd7 $142 26. Bxd7 Bxc1) 26. Bxh6 Nxh6 27. Rab1 Bc8 28. Qc7 Ng4 29. Qf7 {[%emt 0:01:57] Weighted Error Value: White=0.33/Black=0.49} (29. Rxb8 $2 {is a self mate.} Qxf2+ 30. Kh1 Qxe1#) 1-0